 Dungeon Crawl Stone Soup version 0.28.0-1-gb440e238dd (webtiles) character file.

Game seed: 12459464975969226662

7893 pkoi the Martial Artist (level 11, -9/126 HPs)
             Began as a Black Draconian Monk on Feb 25, 2022.
             Was an Elder of Dithmenos.
             Mangled by Snorg (15 damage)
             ... on level 10 of the Dungeon.
             The game lasted 00:21:43 (14304 turns).

pkoi the Martial Artist (Black Draconian Monk)     Turns: 14304, Time: 00:21:44

Health: -9/126     AC: 25    Str: 19    XL:     11   Next: 2%
Magic:  15/15      EV:  2    Int: 15    God:    Dithmenos [****..]
Gold:   438        SH:  0    Dex: 20    Spells: 10/15 levels left

rFire   . . .      SeeInvis .     - Unarmed
rCold   . . .      Faith    .   (no shield)
rNeg    . . .      Spirit   .   (armour unavailable)
rPois   +          Reflect  .   (helmet currently unavailable)
rElec   .          Harm     .   (cloak currently unavailable)
rCorr   .          Rampage  .   (gloves currently unavailable)
Will    .....      NoTele   +   (boots currently unavailable)
Stlth   +++++.....              (no amulet)
HPRegen 0.31/turn               r - +6 ring of dexterity
MPRegen 0.14/turn               t - +6 ring of strength

@: short of breath, tree-form, wreathed by umbra, unable to read
A: stationary, stasis, torment immunity, boosted hp, (breathe lightning), AC +7,
unfitting armour, (electricity resistance), (cold-blooded), (poison resistance),
inability to read while threatened
a: Renounce Religion, Shadow Step


You were on level 10 of the Dungeon.
You worshipped Dithmenos.
Dithmenos was greatly pleased with you.
You were a tree.
You visited 2 branches of the dungeon, and saw 11 of its levels.
You also visited: Sewer.

You collected 516 gold pieces.
You spent 78 gold pieces at shops.

Inventory:

Hand Weapons
 d - a +3 whip
 e - a +0 whip
 k - a +2 whip of holy wrath
Missiles
 l - 24 poisoned darts (quivered)
 s - 9 throwing nets
 w - a curare-tipped dart
Armour
 b - a +0 pair of boots (melded)
 n - a +0 cloak (melded)
 u - a +1 hat (melded)
Jewellery
 r - a +6 ring of dexterity (left branch)
 t - a +6 ring of strength (right branch)
 v - a ring of magical power
 x - a ring of protection from fire
Wands
 o - a wand of iceblast (7)
 q - a wand of flame (24)
 y - a wand of digging (10)
Scrolls
 c - 3 scrolls of enchant armour
 j - a scroll of blinking
Potions
 a - 2 potions of flight
 f - a potion of cancellation
 g - a potion of resistance
 h - a potion of heal wounds
 m - 3 potions of curing
 p - a potion of haste


   Skills:
 + Level 4.0 Fighting
 - Level 6.0 Dodging
 - Level 6.0 Stealth
 * Level 14.2 Unarmed Combat
 + Level 2.7 Spellcasting
 + Level 3.0 Transmutations


You had 10 spell levels left.
You knew the following spells:

 Your Spells              Type           Power      Damage    Failure   Level
a - Blade Hands           Tmut           5%         N/A       86%         5

Your spell library contained the following spells:

 Spells                   Type           Power      Damage    Failure   Level
 Beastly Appendage        Tmut           22%        N/A       6%          1
 Wereblood                Tmut           11%        N/A       9%          2
 Animate Skeleton         Necr           4%         N/A       21%         1
 Pain                     Necr           8%         1d4       21%         1
 Spider Form              Tmut/Pois      6%         N/A       32%         3
 Dazzling Flash           Conj/Hex       4%         N/A       52%         3
 Gell's Gravitas          Tloc           2%         N/A       52%         3
 Ozocubu's Armour         Ice            2%         N/A       52%         3
 Teleport Other           Tloc           2%         N/A       52%         3
 Vampiric Draining        Necr           2%         2d6       52%         3
 Iskenderun's Mystic Bla  Conj/Tloc      2%         2d3       90%         4
 Summon Ice Beast         Ice/Summ       2%         N/A       90%         4
 Summon Mana Viper        Hex/Summ       2%         N/A       99%         5
 Dispersal                Tloc           1%         N/A       100%        6
 Iron Shot                Conj/Erth      1%         9d1       100%        6
 Starburst                Conj/Fire      1%         6d3       100%        6
 Monstrous Menagerie      Summ           1%         N/A       100%        7
 Ozocubu's Refrigeration  Ice            1%         4d5       100%        7
 Animate Armour           Summ/Erth      Unusable   N/A       N/A         4

Dungeon Overview and Level Annotations

Branches:
Dungeon (10/15)            Temple (1/1) D:4             Orc (0/2) D:9
  Sewer (visited)
   Lair: D:8-11

Altars:
Ashenzari
Cheibriados
Dithmenos
Elyvilon
Fedhas
Gozag
Kikubaaqudgha
Makhleb
Nemelex Xobeh
Okawaru
Qazlal
Ru
Sif Muna
Trog
Uskayaw
Vehumet
Wu Jian
Xom
Yredelemnul
Zin
The Shining One

Shops:
D:3 :!(   D:8 :   D:9 *   D:10 (

Annotations:
D:5 Menkaure
D:8 2 transporters, ryathie's ghost, novice GrFi
D:10 Snorg


Innate Abilities, Weirdness & Mutations

You are a tree.
Your roots penetrate the ground, keeping you stationary.
You cannot be teleported.
You are immune to unholy pain and torment.
Your maximum health is greatly increased.
Your equipment is partially melded.
((You can breathe wild blasts of lightning.))
((Your glossy black scales are hard. (AC +7)))
You cannot fit into any form of body armour.
((You are resistant to electric shocks. (rElec)))
((You are cold-blooded and may be slowed by cold attacks.))
((Your system is resistant to poisons. (rPois)))
You sometimes lose the ability to read scrolls when taking damage.


Message History

* * * LOW HITPOINT WARNING * * *
Snorg barely misses you.
Activating: Breathe Lightning (3% risk of failure)
Press: ? - help, Dir - look around, f - activate You breathe a wild blast of lightning!
You hear a mighty clap of thunder!
The orb of electricity explodes!
You hear a bellow! x2; You hear a deafening roar!
Snorg barely misses you. x2; Snorg claws you!
* * * LOW HITPOINT WARNING * * *
Snorg bites you.
* * * LOW HITPOINT WARNING * * *
Snorg claws you but does no damage. Snorg claws you.
* * * LOW HITPOINT WARNING * * *
Unknown command.
Unknown command.
Unknown command.
Really quaff the potion of lignification?
You turn into a tree.
Your +0 cloak melds into your body.
Your +1 hat melds into your body.
Your +0 pair of boots melds into your body.
Your roots penetrate the ground.
Snorg bites you but does no damage. Snorg completely misses you.
Snorg claws you but does no damage.
You completely miss Snorg. Your punch misses Snorg.
Snorg is heavily wounded.
Your shadow hits Snorg! Snorg bites you but does no damage.
Snorg claws you but does no damage. x2
You barely miss Snorg.
Snorg is heavily wounded.
A centaur comes into view.
Snorg bites you!!
* * * LOW HITPOINT WARNING * * *
Snorg barely misses you. Snorg claws you!
* * * LOW HITPOINT WARNING * * *
You hit Snorg.
Snorg is heavily wounded.
Snorg bites you!
* * * LOW HITPOINT WARNING * * *
Snorg claws you but does no damage. Snorg claws you!
You die...

......#### #.........
.........###.........
.....................
#....#.......##.....#
.....$.............#
..#........#.......
.#### #............#.##
......##......#.#.......
.......♣......#.#.......
......T....#....#.......
...........#....#.......
...........#............
.....#######....#.......
..... ........... .c..
....##### .... ..


You could see Snorg (berserk) and a centaur.

Vanquished Creatures
  2 two-headed ogres (D:9)
  A manticore (D:8)
  A hornet (D:9)
  3 yaks (D:10)
  2 shadows
  2 wraiths
  3 wyverns
  Grum (D:8)
  A warg (D:9)
  Pargi (Sewer)
  3 orc warriors
  A black bear (Temple)
  2 ice beasts
  A sky beast (D:5)
  2 necrophages
  3 ogres
  3 centaurs
  A phantom (D:5)
  5 kobold brigands
  4 bullfrogs
  4 gnoll sergeants (D:8)
  3 scorpions (D:4)
  2 water moccasin zombies (D:5)
  A wight (D:8)
  3 howler monkeys
  4 centaur zombies
  A bullfrog zombie (D:5)
  4 orc priests
  8 hounds
  2 bullfrog skeletons (D:6)
  A jelly (D:6)
  2 gnoll shamans (D:8)
  2 iguanas (D:6)
  2 scorpion zombies (D:5)
  9 orc wizards
  A howler monkey zombie (D:6)
  7 adders
  25 gnolls
  An adder skeleton (D:4)
  2 worms
  2 dart slugs
  34 orcs
  11 ball pythons
  5 endoplasms
  8 giant cockroaches
  4 goblins
  5 hobgoblins
  4 jackals
  4 quokkas
  A bat (D:3)
  A frilled lizard (D:1)
  20 kobolds
  6 rats
231 creatures vanquished.

Notes
Turn   | Place    | Note
-------+----------+-------------------------------------------
     0 | D:1      | pkoi the Draconian Monk began the quest for the Orb.
     0 | D:1      | Reached XP level 1. HP: 19/19 MP: 1/1
   217 | D:1      | Found a faded altar of an unknown god.
   533 | D:1      | Reached XP level 2. HP: 23/26 MP: 2/2
  1336 | D:2      | Reached skill level 4 in Unarmed Combat
  1596 | D:2      | Reached XP level 3. HP: 24/31 MP: 3/3
  2425 | D:3      | Found Guythrunk's Distillery.
  2431 | D:3      | Bought a potion of degeneration for 10 gold pieces
  2525 | D:3      | Reached skill level 5 in Unarmed Combat
  2525 | D:3      | Reached XP level 4. HP: 36/38 MP: 4/4
  2908 | D:3      | Gained mutation: You are weak. (Str -2) [potion of
                  | mutation]
  2908 | D:3      | Gained mutation: You sometimes lose the ability to read
                  | scrolls when taking damage. [potion of mutation]
  2908 | D:3      | Gained mutation: Your system is resistant to poisons.
                  | (rPois) [potion of mutation]
  2908 | D:3      | Lost mutation: You are weak. (Str -2) [potion of mutation]
  2913 | D:3      | Reached XP level 5. HP: 27/45 MP: 5/5
  3103 | D:3      | Found a stormy altar of Qazlal.
  3130 | D:3      | Found Udoimp Yziorch's Antique Weapon Shoppe.
  3146 | D:3      | Reached skill level 6 in Unarmed Combat
  3695 | D:3      | Found Zuamomm's Book Emporium.
  4105 | D:4      | Reached XP level 6. HP: 51/51 MP: 6/6
  4121 | D:4      | Found a staircase to the Ecumenical Temple.
  4148 | D:4      | Reached skill level 7 in Unarmed Combat
  4263 | Temple   | Entered the Ecumenical Temple
  4316 | Temple   | Became a worshipper of Dithmenos the Shadowed
  4316 | Temple   | Reached * piety under Dithmenos
  4316 | Temple   | Reached ** piety under Dithmenos
  4742 | D:4      | Reached skill level 8 in Unarmed Combat
  4742 | D:4      | Your scales start taking on a glossy black colour.
  4742 | D:4      | Reached XP level 7. HP: 46/57 MP: 7/7
  4742 | D:4      | Gained mutation: You are resistant to electric shocks.
                  | (rElec) [Black Draconian growth]
  4801 | D:4      | Found an ornate altar of the Wu Jian Council.
  4831 | D:4      | Found a glowing drain.
  4846 | Sewer    | Entered a sewer
  4855 | Sewer    | Noticed Pargi
  4866 | Sewer    | Killed Pargi
  5215 | D:4      | Found a shimmering blue altar of Sif Muna.
  5629 | D:5      | Entered Level 5 of the Dungeon
  5762 | D:5      | Found a basalt altar of Yredelemnul.
  5782 | D:5      | Reached skill level 9 in Unarmed Combat
  6057 | D:5      | Reached XP level 8. HP: 55/63 MP: 8/8
  6286 | D:5      | Noticed Menkaure
  6422 | D:5      | Reached skill level 10 in Unarmed Combat
  6486 | D:5      | You fall into a shaft and drop 2 floors!
  7183 | D:6      | Found an iron altar of Okawaru.
  7292 | D:6      | Reached *** piety under Dithmenos
  7420 | D:6      | Reached skill level 11 in Unarmed Combat
  7718 | D:7      | Found a white marble altar of Elyvilon.
  7859 | D:7      | Found a sacrificial altar of Ru.
  8252 | D:8      | Noticed a queen bee
  8264 | D:8      | Noticed a hornet
  8282 | D:8      | Noticed ryathie's ghost (novice GrFi)
  8318 | D:8      | Reached XP level 9. HP: 37/70 MP: 2/9
  8599 | D:8      | Found a transporter.
  8599 | D:8      | Found a transporter.
  8677 | D:8      | Reached skill level 5 in Dodging
 10038 | D:8      | Noticed a manticore
 10050 | D:8      | Killed a manticore
 10051 | D:8      | Reached skill level 12 in Unarmed Combat
 10077 | D:8      | Noticed Grum
 10091 | D:8      | Noticed a cyclops
 10378 | D:8      | Found Aqummess's Book Shoppe.
 10764 | D:8      | Reached **** piety under Dithmenos
 10783 | D:8      | Reached skill level 5 in Stealth
 10783 | D:8      | Reached XP level 10. HP: 32/77 MP: 10/10
 11243 | D:8      | Noticed a white ugly thing
 12042 | D:8      | Killed Grum
 12043 | D:8      | Reached skill level 13 in Unarmed Combat
 12112 | D:8      | Identified the +1 robe "Dahog" {Contam rPois Will+ MP+9}
 12164 | D:8      | Noticed a cyclops
 12254 | D:9      | Noticed a two-headed ogre
 12272 | D:9      | Killed a two-headed ogre
 12477 | D:9      | Found Rufoco Xace's Assorted Antiques.
 12484 | D:9      | Learned a level 5 spell: Blade Hands
 12490 | D:9      | Bought a scroll labelled OTIGUM HUINWE for 34 gold pieces
 12490 | D:9      | Bought a scroll labelled VUHASE AKKE for 34 gold pieces
 12565 | D:9      | Found a broken altar of Ashenzari.
 12606 | D:9      | Noticed a two-headed ogre
 12609 | D:9      | Identified the +1 scale mail "Vacrau" {rF+ Will+ Dex+2
                  | Stlth+}
 12658 | D:8      | Reached skill level 1 in Transmutations
 12889 | D:9      | Killed a two-headed ogre
 12890 | D:9      | Reached skill level 1 in Spellcasting
 13014 | D:9      | Found a staircase to the Orcish Mines.
 13251 | D:10     | Entered Level 10 of the Dungeon
 13272 | D:10     | Found Jeidd's Weapon Shop.
 13318 | D:10     | Reached skill level 14 in Unarmed Combat
 14106 | D:10     | Noticed a death yak
 14144 | D:10     | Reached XP level 11. HP: 62/84 MP: 13/15
 14289 | D:10     | Noticed Snorg
 14304 | D:10     | HP: 6/126 [Snorg (11)]
 14304 | D:10     | Mangled by Snorg

Illustrated notes

Levels and vault maps discovered:
D:1:      lemuel_arrival_broad_hall, layout_basic,
          nicolae_ecumenical_snake_handling, minmay_misc_feat_pillars,
          minmay_box_of_dots
D:2:      layout_loops_ring, chequers_serial_rivers_small_3
D:3:      layout_basic, lemuel_round_altar, serial_shops, shop,
          nicolae_shop_behind_doors, shop
D:4:      layout_basic, nicolae_sif_muna_little_library,
          mainiacjoe_overflow_concentric_impassable,
          minmay_temple_entry_sparse_star, portal_sewer_entry_f
D:5:      layout_rooms, nicolae_yredelemnul_corpse_copse, uniq_menkaure
D:6:      layout_loops_ring, kennysheep_little_box
D:7:      layout_loops_ring, elyvilon_altar_1, kennysheep_mini_moat
D:8:      minmay_slanted_spiral_squares, layout_cave_pools,
          gammafunk_ghost_hive, serial_gnoll_camp, grums_kennel,
          gnoll_camp_medium_01, gnoll_camp_mini_shop, gnoll_camp_mini_hut,
          gnoll_camp_mini_sergeant, minmay_orc_keep
D:9:      layout_cave_pools, cheibrodos_ashenzari_chains, david_orc_3,
          serial_shops, shop_statue, chequers_serial_rivers_micro_a
D:10:     layout_basic, mainiacjoe_overflow_six_doors_small, dpeg_lair_monsters,
          serial_shops, nicolae_shop_hallway_plus, uniq_snorg
Temple:   cyrus_circular_temple

Skill      XL: |  1  2  3  4  5  6  7  8  9 10 11 |
---------------+----------------------------------+-----
Unarmed Combat | 4 5 6 8 9 11 12 14 | 14.2
Dodging        | 3 4 6 |  6.0
Stealth        | 2 5 6 |  6.0
Transmutations | 2 3 |  3.0
Spellcasting   | 2 |  2.7
Fighting       | 4 |  4.0

Action                   |  1- 3 |  4- 6 |  7- 9 | 10-12 || total
-------------------------+-------+-------+-------+-------++-------
Melee: Unarmed           |   134 |   144 |   402 |   196 ||   876
       Tailslap          |    16 |    29 |    68 |    37 ||   150
       Punch             |     1 |     5 |    32 |    17 ||    55
 Abil: Breathe Lightning |       |       |     8 |     5 ||    13
  Use: Potion            |       |     4 |     1 |     2 ||     7
       Scroll            |       |     4 |     8 |     3 ||    15
 Stab: Sleeping          |     9 |     5 |    16 |     6 ||    36
       Distracted        |       |       |     3 |     2 ||     5
Armor: Skin              |    31 |    44 |   107 |    57 ||   239
Dodge: Dodged            |    83 |    79 |   377 |   171 ||   710
